 Dungeon Crawl Stone Soup version 0.26-a0-597-gb535b0901c (webtiles) character file.

Game seed: 16312588109737749838

7302 Apogee the Magician (level 11, -9/81 HPs)
             Began as a Gnoll Fire Elementalist on Sept 3, 2020.
             Was a High Priest of Okawaru.
             Mangled by a freezing wraith (12 damage)
             ... led by a death knight
             ... on level 10 of the Dungeon.
             The game lasted 00:17:29 (11411 turns).

Apogee the Magician (Gnoll Fire Elementalist)      Turns: 11411, Time: 00:17:30

Health: -9/81      AC:  7    Str: 11    XL:     11   Next: 13%
Magic:  19/22      EV: 13    Int: 20    God:    Okawaru [*****.]
Gold:   317        SH: 12    Dex: 16    Spells: 19/25 levels left

rFire    . . .     SeeInvis .   J - +7 Screaming Sword {vorpal, sonic wave}
rCold    . . .     Faith    .   N - +2 kite shield {reflect}
rNeg     . . .     Spirit   .   b - +0 ring mail (curse)
rPois    .         Reflect  +   (no helmet)
rElec    .         Harm     .   (no cloak)
rCorr    .                      t - +0 pair of gloves (curse)
MR       .....                  (no boots)
Stlth    +++.......             (no amulet)
HPRegen  0.23/turn              (no ring)
MPRegen  0.18/turn              (no ring)

@: finesse, slowed, very slow
A: distributed training, fangs 1, strong nose
a: Heroism, Finesse, Renounce Religion


You were on level 10 of the Dungeon.
You worshipped Okawaru.
Okawaru was extremely pleased with you.
You visited 1 branch of the dungeon, and saw 10 of its levels.

You collected 594 gold pieces.
You spent 277 gold pieces at shops.

Inventory:

Hand Weapons
 d - a +0 mace
   (You found it on level 1 of the Dungeon)
 f - a +1 dagger of electrocution
   (You took it off a goblin on level 1 of the Dungeon)
 k - a +0 hunting sling
   (You found it on level 1 of the Dungeon)
 J - the +7 Screaming Sword (weapon) {vorpal, sonic wave}
   (You found it on level 6 of the Dungeon)

   It inflicts extra damage upon your enemies.
Missiles
 e - 323 stones
 A - 48 poisoned darts (quivered)
 E - 2 silver javelins
 T - 3 atropa-tipped darts
Armour
 a - a +0 robe
 b - a cursed +0 ring mail (worn)
   (You found it on level 1 of the Dungeon)
 r - a +2 robe of fire resistance
   (You found it on level 2 of the Dungeon)
 t - a cursed +0 pair of gloves (worn)
   (You found it on level 2 of the Dungeon)
 B - a +0 kite shield
   (You found it on level 4 of the Dungeon)
 N - a +2 kite shield of reflection (worn)
   (You bought it in a shop on level 8 of the Dungeon)
Jewellery
 w - a cursed ring of attention {unknown}
   (You found it on level 2 of the Dungeon)
 H - an uncursed ring of resist corrosion {unknown}
   (You found it on level 6 of the Dungeon)
 O - a +6 ring of intelligence {unknown}
   (You found it on level 8 of the Dungeon)
 U - an uncursed ring of see invisible {unknown}
   (You found it on level 10 of the Dungeon)
 V - a cursed ring of attention {unknown}
   (You found it on level 10 of the Dungeon)
Wands
 u - a wand of paralysis (6)
   (You found it on level 4 of the Dungeon)
 v - a wand of digging (5)
   (You took it off Blork the orc on level 6 of the Dungeon)
Scrolls
 h - 13 scrolls of identify {unknown}
 i - 6 scrolls of amnesia {unknown}
 j - 2 scrolls of noise {unknown}
 l - 2 scrolls of magic mapping {unknown}
 o - 3 scrolls of immolation {unknown}
 x - 6 scrolls of enchant weapon {unknown}
 y - 2 scrolls of enchant armour {unknown}
 C - a scroll of random uselessness {unknown}
 D - 8 scrolls of teleportation {unknown}
 G - 2 scrolls of remove curse {unknown}
 M - a scroll of blinking {unknown}
Potions
 c - 2 potions of experience {unknown}
 g - a potion of ambrosia {unknown}
 m - a potion of stabbing {unknown}
 n - 4 potions of flight {unknown}
 p - a potion of haste {@q3}
 q - 3 potions of cancellation {unknown}
 s - 4 potions of heal wounds {unknown}
 z - a potion of brilliance {unknown}
 F - a potion of magic {unknown}
 I - 4 potions of resistance {unknown}
 K - 3 potions of curing {@q1}
 L - a potion of mutation {unknown}
 P - a potion of lignification {unknown}
 Q - 2 potions of degeneration {unknown}
 R - a potion of might {unknown}
 S - a potion of invisibility {unknown}


   Skills:
 + Level 6.0 Fighting
 + Level 6.0 Short Blades
 + Level 6.0 Long Blades
 + Level 6.0 Axes
 + Level 6.0 Maces & Flails
 + Level 6.0 Polearms
 + Level 6.0 Staves
 + Level 6.0 Slings
 + Level 6.0 Bows
 + Level 6.0 Crossbows
 + Level 6.0 Throwing
 + Level 6.0 Armour
 + Level 7.6 Dodging
 + Level 7.4 Stealth
 + Level 6.0 Shields
 + Level 6.0 Unarmed Combat
 + Level 7.9 Spellcasting
 + Level 5.4 Conjurations
 + Level 4.9 Hexes
 + Level 4.9 Summonings
 + Level 4.9 Necromancy
 + Level 4.9 Translocations
 + Level 4.9 Transmutations
 + Level 7.5 Fire Magic
 + Level 4.9 Ice Magic
 + Level 4.9 Air Magic
 + Level 4.9 Earth Magic
 + Level 4.9 Poison Magic
 + Level 6.5 Invocations
 + Level 6.0 Evocations


You had 19 spell levels left.
You knew the following spells:

 Your Spells              Type           Power        Failure   Level
a - Foxfire               Conj/Fire      ####         4%          1
c - Apportation           Tloc           ####..       8%          1
q - Sticky Flame          Conj/Fire      ####....     38%         4

Your spell library contained the following spells:

 Spells                   Type           Power        Failure   Level
 Beastly Appendage        Tmut           ####..       8%          1
 Corona                   Hex            ####...      8%          1
 Slow                     Hex            ####....     12%         2
 Wereblood                Tmut           ####....     12%         2
 Conjure Flame            Conj/Fire      ####....     13%         3
 Inner Flame              Hex/Fire       ####....     14%         3
 Portal Projectile        Hex/Tloc       ####..       24%         3
 Spider Form              Tmut/Pois      ####......   24%         3
 Cause Fear               Hex            ####......   61%         4
 Ice Form                 Ice/Tmut       ####....     61%         4
 Leda's Liquefaction      Hex/Erth       ####......   61%         4
 Fireball                 Conj/Fire      ####......   75%         5
 Blade Hands              Tmut           ####......   91%         5
 Silence                  Hex/Air        ####......   91%         5
 Yara's Violent Unravell  Hex/Tmut       ####......   91%         5
 Discord                  Hex            ####......   100%        8


Dungeon Overview and Level Annotations

Branches:
Dungeon (10/15)            Temple (0/1) D:5
   Lair: D:8-11         Orc: D:9-12

Altars:
Cheibriados
Dithmenos
Elyvilon
Kikubaaqudgha
Nemelex Xobeh
Okawaru
Ru
Sif Muna
Uskayaw
Vehumet

Shops:
D:8 [:

Annotations:
D:6 3 runed translucent doors, p0werm0de's ghost, novice MiFi
D:7 1 runed translucent door, Crazy Yiuf


Innate Abilities, Weirdness & Mutations

Your experience applies equally to all skills.
You have very sharp teeth.
Your uncanny sense of smell can sniff out nearby items.


Message History

You send a blast of sound all around you.
The monsters around you are blasted!
You destroy the adder zombie!
Okawaru accepts your kill.
You kill the jackal! x2; You destroy the wraith!
Okawaru accepts your kill.
You kill the yak!
Okawaru accepts your kill.
Your Fighting skill increases to level 6!
Your Short Blades skill increases to level 6!
Your Long Blades skill increases to level 6!
Your Axes skill increases to level 6!
Your Maces & Flails skill increases to level 6!
Your Polearms skill increases to level 6!
Your Staves skill increases to level 6!
Your Slings skill increases to level 6!
Your Bows skill increases to level 6!
Your Crossbows skill increases to level 6!
Your Throwing skill increases to level 6!
Your Armour skill increases to level 6!
Your Shields skill increases to level 6!
Your Unarmed Combat skill increases to level 6!
Your Evocations skill increases to level 6!
You hear a shout! x4; You hear an angry hiss.
The centaur skeleton closely misses you.
You riposte.
You slash the centaur skeleton!
The Screaming Sword screams, "BAPTISED IN BLOOD I AM!"
You send a blast of sound all around you.
The two-headed ogre and the wraith are blasted.
You destroy the wraith!
Okawaru accepts your kill.
You destroy the centaur skeleton!
Okawaru accepts your kill.
Unknown command.
Unknown command.
Unknown command.
Unknown command.
Unknown command.
Unknown command.
Unknown command.
Unknown command.
You block the freezing wraith's attack. The freezing wraith hits you.
* * * LOW HITPOINT WARNING * * *
The freezing wraith drains your vigour!
You feel yourself slow down.
There is a stone staircase leading up here.
The freezing wraith hits you.
* * * LOW HITPOINT WARNING * * *
The freezing wraith freezes you!
You die...

#...... ... #...... #...# #...#
#...... Y...# #...# .# #......
#...# #...+ #.# #...... ....#
#...######.# #......
#...#######..........# #......
.....................######..†...
............O...@............)...
.................W...............
.....!...†.#######........######.
##.......))# #.....^..#
#.........# #........#
#.......).# #........#
#......)))#######........#
#.....†.)................#
#.......))...!..######...#


You could see a two-headed ogre and a freezing wraith.

Vanquished Creatures
  A two-headed ogre (D:9)
  An ugly thing (D:9)
  A centaur zombie (D:10)
  A gargoyle (D:10)
  2 hippogriffs
  A wyvern (D:10)
  A yak (D:10)
  2 wraiths (D:10)
  Menkaure (D:5)
  Duvessa (D:4)
  2 sky beasts
  2 phantoms
  4 ogres
  4 centaurs
  3 bullfrogs
  2 big kobolds
  Blork the orc (D:6)
  Dowan (D:4)
  A wyvern zombie (D:7)
  8 scorpions
  9 killer bees
  7 wights
  3 howler monkeys
  A bullfrog zombie (D:6)
  3 jellies
  5 hounds
  2 orc priests (D:6)
  11 orc wizards
  A gnoll shaman (D:9)
  2 bullfrog skeletons
  Terence (D:3)
  3 centaur skeletons
  4 worker ants
  Natasha (D:2)
  3 iguanas
  2 killer bee zombies (D:8)
  A hound skeleton (D:9)
  A worker ant zombie (D:10)
  5 gnolls (D:9)
  20 adders
  2 shadow imps (D:6)
  3 white imps
  4 ufetubi
  An ooze (D:5)
  2 adder zombies
  2 adder skeletons
  2 worms (D:4)
  3 dart slugs
  5 leopard geckos
  31 orcs
  2 ball pythons
  9 giant cockroaches
  4 goblins
  8 hobgoblins
  9 jackals
  10 kobolds
  3 quokkas
  11 bats
  A frilled lizard (D:4)
  A leopard gecko zombie (D:5)
  A quokka skeleton (D:5)
  8 rats
247 creatures vanquished.

Vanquished Creatures (others)
  8 foxfires
  5 fungi (D:6)
  4 plants (D:6)
17 creatures vanquished.

Grand Total: 264 creatures vanquished

Notes
Turn   | Place    | Note
-------+----------+-------------------------------------------
     0 | D:1      | Apogee the Gnoll Fire Elementalist began the quest for the
                  | Orb.
     0 | D:1      | Reached XP level 1. HP: 13/13 MP: 6/6
    84 | D:1      | Reached XP level 2. HP: 8/19 MP: 4/7
   742 | D:1      | Reached XP level 3. HP: 24/25 MP: 9/9
   784 | D:1      | Reached skill level 5 in Spellcasting
  1125 | D:2      | Found an iron altar of Okawaru.
  1171 | D:2      | Became a worshipper of Warmaster Okawaru
  1346 | D:2      | Reached skill level 1 in Invocations
  2029 | D:3      | Found a faded altar of an unknown god.
  2350 | D:3      | Reached skill level 1 in Fighting
  2350 | D:3      | Reached skill level 1 in Short Blades
  2350 | D:3      | Reached skill level 1 in Long Blades
  2350 | D:3      | Reached skill level 1 in Axes
  2350 | D:3      | Reached skill level 1 in Maces & Flails
  2350 | D:3      | Reached skill level 1 in Polearms
  2350 | D:3      | Reached skill level 1 in Staves
  2350 | D:3      | Reached skill level 1 in Slings
  2350 | D:3      | Reached skill level 1 in Bows
  2350 | D:3      | Reached skill level 1 in Crossbows
  2350 | D:3      | Reached skill level 1 in Throwing
  2350 | D:3      | Reached skill level 1 in Armour
  2350 | D:3      | Reached skill level 1 in Shields
  2350 | D:3      | Reached skill level 1 in Unarmed Combat
  2350 | D:3      | Reached skill level 1 in Evocations
  2350 | D:3      | Reached XP level 4. HP: 32/32 MP: 11/11
  2647 | D:3      | Found a sacrificial altar of Ru.
  2659 | D:3      | Noticed Terence
  2660 | D:3      | Noticed Natasha
  2676 | D:2      | Killed Natasha
  2676 | D:2      | Reached skill level 1 in Hexes
  2676 | D:2      | Reached skill level 1 in Summonings
  2676 | D:2      | Reached skill level 1 in Necromancy
  2676 | D:2      | Reached skill level 1 in Translocations
  2676 | D:2      | Reached skill level 1 in Transmutations
  2676 | D:2      | Reached skill level 1 in Ice Magic
  2676 | D:2      | Reached skill level 1 in Air Magic
  2676 | D:2      | Reached skill level 1 in Earth Magic
  2676 | D:2      | Reached skill level 1 in Poison Magic
  2739 | D:3      | Killed Terence
  2739 | D:3      | Reached XP level 5. HP: 32/37 MP: 12/12
  2964 | D:3      | Reached * piety under Okawaru
  3400 | D:4      | Noticed a phantom
  3417 | D:4      | Found an ancient bone altar of Kikubaaqudgha.
  3468 | D:4      | Killed a phantom
  3468 | D:4      | Reached XP level 6. HP: 15/44 MP: 13/13
  3756 | D:4      | Noticed Duvessa
  3756 | D:4      | Noticed Dowan
  4102 | D:4      | Found a sparkling altar of Nemelex Xobeh.
  4136 | D:4      | Reached skill level 5 in Dodging
  4182 | D:4      | Killed Duvessa
  4190 | D:4      | Killed Dowan
  4190 | D:4      | Reached XP level 7. HP: 37/50 MP: 13/15
  4281 | D:4      | Found a white marble altar of Elyvilon.
  4677 | D:4      | Found a shimmering blue altar of Sif Muna.
  4679 | D:4      | Found a radiant altar of Vehumet.
  4683 | D:4      | Identified Sif Muna's Compendium of the Compass
  4687 | D:4      | Learned a level 1 spell: Apportation
  4817 | D:5      | Entered Level 5 of the Dungeon
  4964 | D:5      | Noticed Menkaure
  4971 | D:5      | Learned a level 4 spell: Sticky Flame
  4976 | D:5      | Killed Menkaure
  4976 | D:5      | Reached skill level 5 in Stealth
  5191 | D:5      | Reached ** piety under Okawaru
  5432 | D:5      | Reached XP level 8. HP: 57/57 MP: 16/16
  5545 | D:5      | Found a staircase to the Ecumenical Temple.
  6857 | D:6      | Found a runed translucent gate.
  6858 | D:6      | Found a runed translucent gate.
  6859 | D:6      | Found a runed translucent gate.
  6919 | D:6      | Noticed p0werm0de's ghost (novice MiFi)
  7112 | D:6      | Found a snail-covered altar of Cheibriados.
  7601 | D:6      | Reached XP level 9. HP: 60/65 MP: 16/18
  7611 | D:6      | Reached *** piety under Okawaru
  7927 | D:6      | Found the +7 Singing Sword {vorpal, sonic wave}
  8045 | D:6      | Noticed Blork the orc
  8092 | D:6      | Killed Blork the orc
  8825 | D:7      | Found a runed translucent door.
  8826 | D:7      | Noticed Crazy Yiuf
  8933 | D:7      | Found a hide-covered altar of Uskayaw.
  9210 | D:8      | Found Puruc's Armour Boutique.
  9223 | D:8      | Bought a +2 kite shield of reflection for 277 gold pieces
  9347 | D:8      | Found Jedi's Book Shoppe.
  9394 | D:8      | Reached skill level 5 in Invocations
  9700 | D:9      | Reached **** piety under Okawaru
 10031 | D:9      | Noticed a cyan ugly thing
 10047 | D:9      | Killed a cyan ugly thing
 10047 | D:9      | Reached XP level 10. HP: 28/73 MP: 20/20
 10293 | D:9      | Reached skill level 5 in Fighting
 10293 | D:9      | Reached skill level 5 in Short Blades
 10293 | D:9      | Reached skill level 5 in Long Blades
 10293 | D:9      | Reached skill level 5 in Axes
 10293 | D:9      | Reached skill level 5 in Maces & Flails
 10293 | D:9      | Reached skill level 5 in Polearms
 10293 | D:9      | Reached skill level 5 in Staves
 10293 | D:9      | Reached skill level 5 in Slings
 10293 | D:9      | Reached skill level 5 in Bows
 10293 | D:9      | Reached skill level 5 in Crossbows
 10293 | D:9      | Reached skill level 5 in Throwing
 10293 | D:9      | Reached skill level 5 in Armour
 10293 | D:9      | Reached skill level 5 in Shields
 10293 | D:9      | Reached skill level 5 in Unarmed Combat
 10293 | D:9      | Reached skill level 5 in Evocations
 10378 | D:9      | Found a shadowy altar of Dithmenos.
 10430 | D:9      | Noticed a two-headed ogre
 10439 | D:9      | Killed a two-headed ogre
 10541 | D:9      | Received a gift from Okawaru
 10953 | D:9      | Reached skill level 5 in Conjurations
 11286 | D:10     | Entered Level 10 of the Dungeon
 11356 | D:10     | Noticed a gargoyle
 11373 | D:10     | Killed a gargoyle
 11374 | D:10     | Reached ***** piety under Okawaru
 11386 | D:10     | Reached XP level 11. HP: 31/81 MP: 22/22
 11398 | D:10     | Received a gift from Okawaru
 11401 | D:10     | Noticed a two-headed ogre
 11411 | D:10     | HP: 3/81 [freezing wraith[a death knight] (6)]
 11411 | D:10     | Mangled by a freezing wraith

Illustrated notes

Levels and vault maps discovered:
D:1:      dpeg_arrival_lava_temple_mockup, layout_basic, serial_glass,
          glass_columns_a, glass_columns_b, minmay_misc_feat_plants
D:2:      layout_basic, okawaru_ov_weapons_minmay
D:3:      layout_basic, overflow_temple_1_default,
          chequers_ecumenical_altar_grove, uniq_natasha, uniq_terence
D:4:      layout_rooms, grunt_temple_overflow_magic_moments,
          nemelex_altar_shiori, elyvilon_altar_3, uniq_duvessa
D:5:      layout_loops_ring, temple_fountains, serial_co_window_serial,
          co_window_cross_1, co_window_paths_a, co_window_paths_a,
          co_window_corner_a, co_window_corner_a, co_window_paths_c,
          co_window_unsneaky_path_c, co_window_unsneaky_path_e, co_window_sun,
          glass_columns_a, minmay_misc_feat_chi, uniq_menkaure
D:6:      old_forge, layout_basic, old_standard_altar,
          gammafunk_ghost_nasty_kobolds, uniq_blork_the_orc
D:7:      layout_rooms, eat_drink_and_be_merry_uskayaw, uniq_crazy_yiuf_cottage
D:8:      layout_cave_pools, serial_shops, shop, kennysheep_windowed_goal
D:9:      layout_irregular_city, nicolae_dithmenos_shadow_blocks
D:10:     layout_irregular_city, onia_ninara_cookie

Skill      XL: |  1  2  3  4  5  6  7  8  9 10 11 |
---------------+----------------------------------+-----
Conjurations   | 2 3 4 5 |  5.4
Spellcasting   | 5 6 7 |  7.9
Invocations    | 1 2 3 4 5 6 |  6.5
Fighting       | 1 2 3 4 5 6 |  6.0
Short Blades   | 1 2 3 4 5 6 |  6.0
Long Blades    | 1 2 3 4 5 6 |  6.0
Axes           | 1 2 3 4 5 6 |  6.0
Maces & Flails | 1 2 3 4 5 6 |  6.0
Polearms       | 1 2 3 4 5 6 |  6.0
Staves         | 1 2 3 4 5 6 |  6.0
Slings         | 1 2 3 4 5 6 |  6.0
Bows           | 1 2 3 4 5 6 |  6.0
Crossbows      | 1 2 3 4 5 6 |  6.0
Throwing       | 1 2 3 4 5 6 |  6.0
Armour         | 1 2 3 4 5 6 |  6.0
Shields        | 1 2 3 4 5 6 |  6.0
Unarmed Combat | 1 2 3 4 5 6 |  6.0
Evocations     | 1 2 3 4 5 6 |  6.0
Hexes          | 1 2 3 4 |  4.9
Summonings     | 1 2 3 4 |  4.9
Necromancy     | 1 2 3 4 |  4.9
Translocations | 1 2 3 4 |  4.9
Transmutations | 1 2 3 4 |  4.9
Ice Magic      | 1 2 3 4 |  4.9
Air Magic      | 1 2 3 4 |  4.9
Earth Magic    | 1 2 3 4 |  4.9
Poison Magic   | 1 2 3 4 |  4.9
Dodging        | 5 6 7 |  7.6
Stealth        | 5 6 7 |  7.4
Fire Magic     | 6 7 |  7.5

Action                   |  1- 3 |  4- 6 |  7- 9 | 10-12 || total
-------------------------+-------+-------+-------+-------++-------
Melee: Mace              |    15 |       |       |       ||    15
       Dagger            |    88 |   154 |   272 |       ||   514
       Bite              |     5 |    13 |    25 |    14 ||    57
       Punch             |       |     2 |     3 |       ||     5
       Double sword      |       |       |    60 |    97 ||   157
Throw: Stone             |       |    15 |       |       ||    15
       Dart              |       |       |     5 |       ||     5
 Cast: Foxfire           |     3 |       |     1 |       ||     4
       Apportation       |       |       |     4 |       ||     4
       Sticky Flame      |       |       |     2 |       ||     2
Invok: Heroism           |       |     1 |     6 |     2 ||     9
       Finesse           |       |       |       |     1 ||     1
Evoke: Wand              |       |       |     2 |       ||     2
  Use: Potion            |       |     1 |     1 |       ||     2
 Stab: Sleeping          |     6 |     1 |    17 |       ||    24
       Paralysed         |       |       |     4 |       ||     4
       Held in net/web   |       |       |     3 |       ||     3
       Distracted        |       |       |     1 |       ||     1
Armor: Ring mail         |    37 |    31 |    65 |    36 ||   169
Dodge: Dodged            |    75 |    84 |   167 |    63 ||   389
Block: Kite shield       |       |       |    21 |    86 ||   107
       Reflection        |       |       |     2 |       ||     2
       Rpst.: Double sword |       |       |     5 |    17 ||    22

Table legend: (Time is in decaauts)
 A = Elapsed time spent in this place.
 B = Non-inter-level travel time spent in this place.
 C = Inter-level travel time spent in this place.
 D = Time resting spent in this place.
 E = Time spent auto-exploring this place.
 F = Levels seen in this place.
 G = Mean time per level.
                   A        B        C        D        E       F      G
               +--------+--------+--------+--------+--------+-----+--------+
         Total |  11367 |  11092 |    275 |   2997 |   6266 |  10 | 1136.7 |
       Dungeon |  11367 |  11092 |    275 |   2997 |   6266 |  10 | 1136.7 |
               +--------+--------+--------+--------+--------+-----+--------+

Top non-repeatable levels by time:
     D:6: 2233 daAuts
     D:9: 1640 daAuts
     D:3: 1484 daAuts
     D:5: 1439 daAuts
     D:4: 1246 daAuts
     D:2: 1068 daAuts
     D:1: 990 daAuts
     D:7: 577 daAuts
     D:8: 556 daAuts
    D:10: 131 daAuts
